 Dungeon Crawl Stone Soup version 0.21-a0-84-g85d6d27 (webtiles) character file.

716 BeanButt the Chopper (level 7, -2/52 HPs)
             Began as a Demonspawn Fighter on July 4, 2017.
             Was a Follower of Okawaru.
             Slain by a killer bee (4 damage)
             ... on level 5 of the Dungeon.
             The game lasted 00:11:42 (3889 turns).

BeanButt the Chopper (Demonspawn Fighter)           Turns: 3889, Time: 00:11:43

Health: -2/52      AC: 14    Str: 18    XL:     7   Next: 41%
Magic:  7/7        EV:  4    Int: 10    God:    Okawaru [*.....]
Gold:   256        SH:  9    Dex: 12    Spells: 6/6 levels left

rFire    . . .     SeeInvis .   I - +1 hand axe (pain)
rCold    . . .     Gourm    .   c - +0 shield
rNeg     . . .     Faith    .   G - +0 plate armour
rPois    .         Spirit   .   (no helmet)
rElec    .         Reflect  .   (no cloak)
rCorr    .         Harm     .   P - +0 pair of gloves
MR       +....                  (no boots)
Stlth    ..........             (no amulet)
HPRegen  0.17/turn              p - ring of protection from magic
MPRegen  0.10/turn              (no ring)

@: lethally poisoned (-2 -> -20)
A: talons 1, slimy green scales 1, nightstalker 2, rot immunity
a: Heroism, Renounce Religion


You were on level 5 of the Dungeon.
You worshipped Okawaru.
Okawaru was aware of your devotion.
You were not hungry.

You visited 1 branch of the dungeon, and saw 5 of its levels.

You collected 256 gold pieces.

Inventory:

Hand Weapons
 s - a +0 shortbow
 x - a +2 whip of venom
 C - a +0 hunting sling
 I - a +1 hand axe of pain (weapon)
 O - a +5 flail of crushing
Missiles
 b - 60 arrows
 i - 166 stones (quivered)
 j - 78 bolts
 q - 53 sling bullets
 L - 5 javelins
Armour
 c - a +0 shield (worn)
 G - a +0 plate armour (worn)
 P - a +0 pair of gloves (worn)
Jewellery
 p - a ring of protection from magic (left hand)
Wands
 K - a wand of iceblast (7/15)
 N - a wand of clouds (7/9)
Scrolls
 g - 7 scrolls of identify {unknown}
 k - a scroll of fear {unknown}
 m - 2 scrolls of immolation {unknown}
 r - 3 scrolls of teleportation {unknown}
 t - a scroll of recharging {unknown}
 y - 2 scrolls of blinking {unknown}
 z - 2 scrolls of magic mapping {unknown}
 A - 2 scrolls of remove curse {unknown}
 D - a scroll of enchant weapon {unknown}
 F - a scroll of enchant armour {unknown}
Potions
 d - 2 potions of might
 e - 2 potions of invisibility {unknown}
 o - 3 potions of haste {unknown}
 u - 3 potions of agility {unknown}
 v - 3 potions of heal wounds {unknown}
 w - a potion of curing {unknown}
 E - 3 potions of berserk rage {unknown}
 M - a potion of experience {unknown}
 Q - a potion of degeneration {unknown}
Books
 H - a book of Cantrips

   Spells                             Type                      Level
   a - Confusing Touch                Hexes                        1
   b - Animate Skeleton               Necromancy                   1
   c - Summon Small Mammal            Summoning                    1
   d - Apportation                    Translocation                1
 J - a book of Conjurations

   Spells                             Type                      Level
   a - Magic Dart                     Conjuration                  1
   b - Searing Ray                    Conjuration                  2
   c - Dazzling Spray                 Conjuration/Hexes            3
   d - Fulminant Prism                Conjuration/Hexes            4
   e - Force Lance                    Conjuration/Translocation    4
   f - Iskenderun's Mystic Blast      Conjuration                  4
Comestibles
 f - 3 bread rations
 l - 5 meat rations
 n - a royal jelly
 B - a fruit


   Skills:
 - Level 3.0 Fighting
 + Level 5.7 Axes
 + Level 3.9 Armour
 + Level 2.7 Dodging
 + Level 3.9 Shields


You had 6 spell levels left.
You didn't know any spells.

Dungeon Overview and Level Annotations

Branches:
Dungeon (5/15)
 Temple: D:4-7

Altars:
Ashenzari
Okawaru
The Shining One

Shops:
D:4 (


Innate Abilities, Weirdness & Mutations

You have sharp toenails.
You are partially covered in slimy green scales. (AC +2)
You are significantly more attuned to the shadows.
You are immune to rotting.


Message History

The killer bee is severely wounded.
The killer bee stings you.
You are more poisoned.
The killer bee poisons you! The killer bee stings you.
* * * LOW HITPOINT WARNING * * *
You miss the killer bee. You claw the killer bee.
The killer bee is almost dead.
* * * LOW HITPOINT WARNING * * *
You feel sick. The killer bee stings you!
* * * LOW HITPOINT WARNING * * *
You are more poisoned.
The killer bee poisons you!
The killer bee stings you but does no damage.
You closely miss the killer bee.
The killer bee is almost dead.
* * * LOW HITPOINT WARNING * * *
You feel sick. The killer bee barely misses you.
The killer bee stings you but does no damage.
The killer bee stings you.
You die... #.....#.#.######. # #.#.#.....# # #.....#.#.# ##.......# .# #..#.#...# .. #........# ###. ..# #...<...## #yy

#.# #### #######.# #y#
#.# #... #.# #@#
#.#######.## #.# ###.##
#........... #.###....#
#.#######...
#.##...#.####<#.......#.
#.#....#................
#......#..).......###...
#...##.....#.....#.....)
##.........#.....#.....)
##........##...##......


You could see 3 killer bees.

Vanquished Creatures
  Edmund (D:5)
  An ogre (D:5)
  A centaur (D:5)
  3 orc priests (D:5)
  A hound (D:5)
  A centaur skeleton (D:4)
  An iguana (D:4)
  A worker ant (D:5)
  2 hound skeletons (D:4)
  A howler monkey skeleton (D:4)
  10 adders
  2 oozes
  An adder zombie (D:5)
  A worm (D:2)
  5 dart slugs
  5 leopard geckos
  11 orcs
  10 bats
  4 giant cockroaches
  7 goblins
  9 hobgoblins
  6 jackals
  3 kobolds
  3 frilled lizards
  7 rats
97 creatures vanquished.

Notes
Turn   | Place    | Note
-------+----------+-------------------------------------------
     0 | D:1      | BeanButt the Demonspawn Fighter began the quest for the Orb.
     0 | D:1      | Reached XP level 1. HP: 18/18 MP: 1/1
    74 | D:1      | Reached skill level 2 in Axes
   176 | D:1      | Gained mutation: You are slightly more attuned to the shadows. [demonic ancestry]
   176 | D:1      | Reached XP level 2. HP: 24/24 MP: 2/2
   555 | D:1      | Reached skill level 3 in Axes
   633 | D:1      | Gained mutation: You have sharp toenails. [demonic ancestry]
   633 | D:1      | Reached XP level 3. HP: 28/29 MP: 3/3
  1383 | D:2      | Reached XP level 4. HP: 34/35 MP: 4/4
  1404 | D:2      | Reached skill level 4 in Axes
  1888 | D:3      | Found an iron altar of Okawaru.
  1918 | D:3      | Became a worshipper of Warmaster Okawaru
  2110 | D:3      | Gained mutation: You are partially covered in slimy green scales. (AC +2) [demonic ancestry]
  2110 | D:3      | Reached XP level 5. HP: 40/41 MP: 5/5
  2428 | D:3      | Reached skill level 5 in Axes
  2672 | D:4      | Found a glowing golden altar of the Shining One.
  2682 | D:4      | Reached skill level 1 in Dodging
  2704 | D:4      | Found Jount's Antique Weapon Shop.
  2968 | D:4      | Gained mutation: You are immune to rotting. [demonic ancestry]
  2968 | D:4      | Reached XP level 6. HP: 44/47 MP: 6/6
  3005 | D:5      | Entered Level 5 of the Dungeon
  3117 | D:5      | Noticed Edmund
  3130 | D:5      | Killed Edmund
  3532 | D:5      | Reached * piety under Okawaru
  3543 | D:5      | Gained mutation: You are significantly more attuned to the shadows. [demonic ancestry]
  3543 | D:5      | Reached XP level 7. HP: 23/52 MP: 7/7
  3738 | D:5      | Found a shattered altar of Ashenzari.
  3889 | D:5      | HP: 2/52 [poisoned by a killer bee]
  3889 | D:5      | Slain by a killer bee

Vault maps used:
D:1:      elethiomel_arrival_maze
D:3:      okawaru_gym_becter, minmay_goblin_kobold_house
D:4:      kennysheep_mini_moat, serial_shops, shop_statue, st_stairs_4
D:5:      nicolae_ashenzari_panopticon, first_bread, minmay_misc_feat_enclosed,
          minmay_misc_feat_encased, hangedman_decor_points, uniq_edmund

Skill      XL: |  1  2  3  4  5  6 |
---------------+-------------------+-----
Axes           | 2 3 4 5 |  5.7
Dodging        | 1 2 |  2.7
Armour         | 3 |  3.9
Shields        | 3 |  3.9
Fighting       | |  3.0

Action                   |  1- 3 |  4- 6 |  7- 9 || total
-------------------------+-------+-------+-------++-------
Melee: War axe           |    20 |       |       ||    20
       Hand axe          |   131 |   220 |    39 ||   390
       Kick              |    14 |    42 |    11 ||    67
  Eat: Chunk             |     2 |     7 |     1 ||    10
Armor: Scale mail        |    73 |     6 |       ||    79
       Chain mail        |       |    64 |       ||    64
       Plate armour      |       |    51 |    20 ||    71
Dodge: Dodged            |    34 |    31 |     8 ||    73
Block: Shield            |    79 |    84 |    20 ||   183
